 Dungeon Crawl Stone Soup version 0.32-a0-599-gba8f9cf90e (webtiles) character file.

Game seed: 3510711346239229062

487 cforsyth the Grave Robber (level 6, -30/79 HPs)
             Began as a Mountain Dwarf Necromancer on Mar 2, 2024.
             Killed by an exploding orc (37 damage)
             ... ignited by their inner flame
             ... on level 3 of the Dungeon.
             The game lasted 00:07:46 (4781 turns).

cforsyth the Grave Robber (MDNe)                    Turns: 4781, Time: 00:07:46

Health: -30/79     AC: 23    Str: 10 (11) XL:     6   Next: 89%
Magic:  6/8        EV:  2    Int: 17      God:
Gold:   196        SH:  0    Dex:  7 (10) Spells: 7/8 levels left

rFire   . . .        g - +1 club
rCold   . . .        (no shield)
rNeg    . . .        f - melded +0 plate armour
rPois   +            (helmet currently unavailable)
rElec   .            (cloak currently unavailable)
rCorr   .            (gloves currently unavailable)
SInv    .            (boots currently unavailable)
Will    .....        (no amulet)
Stlth   +            (no ring)
HPRegen 0.33/turn    (no ring)
MPRegen 0.11/turn

%: no passive effects
@: lethally poisoned (-30 -> -31), tree-form (expiring)
A: stationary, stasis, torment immunity, boosted hp, runic magic, artefact
enchanting
a: no special abilities


You were on level 3 of the Dungeon.
You were a tree.
You visited 1 branch of the dungeon, and saw 5 of its levels.

You collected 196 gold pieces.


Innate Abilities, Weirdness & Mutations

You are a tree.
Your roots penetrate the ground, keeping you stationary.
You cannot be teleported.
You are immune to unholy pain and torment.
Your maximum health is greatly increased.
Your equipment is partially melded.
Your spellcasting is much less encumbered by armour.
You can use scrolls of enchantment on lesser artefacts.


   Skills:
 + Level 4.4 Fighting
 + Level 4.3 Armour
 - Level 1.3 Dodging
 - Level 1.4 Stealth
 - Level 1.7 Spellcasting
 + Level 6.3 Necromancy


You had 7 spell levels left.
You knew the following spells:

 Your Spells              Type           Power      Damage    Failure   Level
X - Necrotise             Necr           92%        1d8       1%          1

Your spell library contained the following spells:

 Spells                   Type           Power      Damage    Failure   Level
 Vampiric Draining        Necr           23%        2d7       4%          3
 Animate Dead             Necr           23%        N/A       14%         4
 Curse of Agony           Necr           23%        N/A       38%         5
 Call Canine Familiar     Summ           1%         N/A       52%         3
 Sigil of Binding         Hex            1%         N/A       52%         3
 Dimensional Bullseye     Hex/Tloc       0%         N/A       89%         4

Inventory:

Hand Weapons
 g - a +1 club (weapon)
Armour
 a - a +0 robe
 f - a +0 plate armour (melded)
 h - a +0 chain mail
Wands
 k - a wand of digging (4)
Scrolls
 d - a scroll of enchant weapon
 e - 4 scrolls of identify {@r1}

Dungeon Overview and Level Annotations

Branches:
Dungeon (5/15)
 Temple: D:4-7

Altars:
Elyvilon

Annotations:
D:4 Eustachio
D:5 Grinder

......### #.##.#
..###...########
#..#.#
#..o.##.......w#
##.#.#
####..o..#####.#
#.#.##
#####..####o#######
#.#..#
##............#
#..#.# #####...°§...#
##.#.#
#..§○§°..####...#####
#..§♣°.§.#..........#
#...°.)§.°..[........
#....§§..............
#.........°..........
#.........>..........
#.°..................
#.......°............
#########°...........
##..........#


You could see a dart slug and an orc.


Message History

Sigmund writhes in agony.
Sigmund explodes!
You feel sick.
The orc wizard hits you but does no damage.
The orc hits you but does no damage. x2
You feel your intelligence returning.
Your Fighting skill increases to level 4!
Your Armour skill increases to level 4!
Your Necromancy skill increases to level 6!
Unknown command.
Unknown command.
Unknown command.
Unknown command.
Unknown command.
You aren't carrying any potions.
Unknown command.
You completely miss the orc.
You feel sick.
The orc wizard hits you but does no damage.
The orc hits you but does no damage. x2
The orc wizard hits you but does no damage.
The orc hits you but does no damage. The orc barely misses you.
You hit the orc.
Flame seeps out of the orc.
The orc is severely wounded.
You feel sick.
The orc wizard hits you but does no damage.
The orc is engulfed in blazing flames.
The orc explodes!
The fiery explosion engulfs the orc wizard!!!
The fiery explosion engulfs the orc!
The fiery explosion engulfs you!!!
You die...

Skill      XL: |  1  2  3  4  5  6 |
---------------+-------------------+-----
Fighting       | 1 2 3 4 |  4.4
Armour         | 1 2 3 4 |  4.3
Necromancy     | 5 6 |  6.3
Dodging        | |  1.3
Stealth        | |  1.4
Spellcasting   | |  1.7

Action                     |  1- 3 |  4- 6 || total
---------------------------+-------+-------++-------
  Melee: Unarmed           |    39 |       ||    39
         Club              |    12 |   108 ||   120
   Cast: Necrotise         |    72 |   119 ||   191
    Use: Potion            |       |     7 ||     7
         Scroll            |       |     4 ||     4
 Armour: Robe              |    54 |       ||    54
         Chain mail        |       |    92 ||    92
         Plate armour      |       |   132 ||   132
         Skin              |       |    49 ||    49
  Dodge: Dodged            |    46 |    41 ||    87

Levels and vault maps discovered:
D:1:      kilobyte_arrival_exit_the_forest, layout_basic, st_stairs_7
D:2:      layout_basic, uniq_natasha
D:3:      layout_rooms, uniq_sigmund
D:4:      layout_basic, elyvilon_altar_1, uniq_eustachio
D:5:      layout_loops_ring, minmay_misc_feat_chi, uniq_grinder

Notes
Turn   | Place    | Note
-------+----------+-------------------------------------------
     0 | D:1      | cforsyth the Mountain Dwarf Necromancer began the quest for
                  | the Orb.
     0 | D:1      | Reached XP level 1. HP: 14/14 MP: 3/3
   274 | D:1      | Reached XP level 2. HP: 22/22 MP: 1/4
   341 | D:1      | Reached skill level 1 in Fighting
   341 | D:1      | Reached skill level 1 in Armour
   908 | D:1      | Reached XP level 3. HP: 28/28 MP: 3/5
  1778 | D:1      | Reached skill level 2 in Fighting
  1852 | D:2      | Noticed Natasha
  1921 | D:2      | Killed Natasha
  1922 | D:2      | Reached skill level 2 in Armour
  1922 | D:2      | Reached skill level 5 in Necromancy
  1922 | D:2      | Reached XP level 4. HP: 19/36 MP: 0/6
  2041 | D:2      | Noticed Natasha
  2050 | D:2      | Killed Natasha
  2106 | D:2      | Noticed Natasha
  2111 | D:2      | Killed Natasha
  2337 | D:2      | Reached XP level 5. HP: 44/44 MP: 3/7
  2711 | D:2      | HP: 3/44 [ribbon worm (6)]
  2713 | D:2      | HP: 1/44 [ribbon worm (3)]
  2856 | D:2      | Reached skill level 3 in Fighting
  3279 | D:3      | Reached skill level 3 in Armour
  3599 | D:3      | Identified the +0 robe of Pieffoq {Dex+3}
  3612 | D:3      | Noticed Sigmund
  4041 | D:4      | Found a white marble altar of Elyvilon.
  4084 | D:4      | Reached XP level 6. HP: 23/51 MP: 8/8
  4538 | D:4      | Noticed Eustachio
  4549 | D:5      | Entered Level 5 of the Dungeon
  4583 | D:5      | Noticed Grinder
  4591 | D:5      | Paralysed by Grinder for 4 turns
  4779 | D:3      | Killed Sigmund
  4780 | D:3      | Reached skill level 4 in Fighting
  4780 | D:3      | Reached skill level 4 in Armour
  4780 | D:3      | Reached skill level 6 in Necromancy
  4780 | D:3      | HP: 7/79 [poisoned by Sigmund]
  4781 | D:3      | Killed by an exploding orc... ignited by their inner flame

Vanquished Creatures
  Sigmund (D:3)
  A hound (D:4)
  Natasha (thrice) (D:2)
  3 iguanas (D:4)
  An orc wizard (D:3)
  4 adders
  3 ribbon worms
  A dart slug (D:1)
  12 orcs
  7 bats
  11 endoplasms
  3 giant cockroaches
  5 goblins
  6 hobgoblins
  9 jackals
  5 quokkas
  3 ball pythons
  2 frilled lizards
  4 kobolds
  8 rats
92 creatures vanquished.

Vanquished Creatures (collateral kills)
  2 endoplasms
  A kobold (D:2)
  A rat (D:2)
4 creatures vanquished.

Grand Total: 96 creatures vanquished

Table legend: (Time is in decaauts)
 A = Elapsed time spent in this place.
 B = Non-inter-level travel time spent in this place.
 C = Inter-level travel time spent in this place.
 D = Time resting spent in this place.
 E = Time spent auto-exploring this place.
 F = Levels seen in this place.
 G = Mean time per level.
                   A        B        C        D        E       F      G
               +--------+--------+--------+--------+--------+-----+--------+
         Total |   4827 |   4629 |    198 |    435 |   3232 |   5 |  965.4 |
       Dungeon |   4827 |   4629 |    198 |    435 |   3232 |   5 |  965.4 |
               +--------+--------+--------+--------+--------+-----+--------+

Top non-repeatable levels by time:
     D:1: 1827 daAuts
     D:2: 1573 daAuts
     D:4: 933 daAuts
     D:3: 439 daAuts
     D:5: 53 daAuts

Table legend:
 A = Non-vault XP
 B = Vault XP
 C = Vault XP percentage of total XP
 D = Non-vault monster count
 E = Vault monster count
 F = Vault count percentage of total count
                 A         B        C        D         E       F
            +---------+---------+-------+---------+---------+-------
      Total |     473 |     264 |  35.8 |      93 |       3 |   3.1
            +---------+---------+-------+---------+---------+-------
        D:1 |      50 |       2 |   3.8 |      26 |       1 |   3.7
        D:2 |     146 |      36 |  19.8 |      31 |       1 |   3.1
        D:3 |      81 |     226 |  73.6 |      17 |       1 |   5.6
        D:4 |     196 |       0 |   0.0 |      19 |       0 |   0.0
            +---------+---------+-------+---------+---------+-------
